 Dungeon Crawl Stone Soup version 0.20-a0-1058-g0491fde (webtiles) character file.

30 Alarkh the Insei (level 3, 26/27 HPs)
             Began as a Demonspawn Transmuter on Apr 26, 2017.
             Got out of the dungeon alive.
             The game lasted 00:01:00 (993 turns).

Alarkh the Insei (Demonspawn Transmuter)             Turns: 993, Time: 00:01:01

Health: 26/27      AC:  2    Str: 10    XL:     3   Next: 3%
Magic:  6/6        EV: 12    Int: 15    God:
Gold:   56         SH:  0    Dex: 13    Spells: 5/6 levels left

rFire    . . .     SeeInvis .     - Unarmed
rCold    . . .     Gourm    .   (no shield)
rNeg     . . .     Faith    .   b - +0 robe
rPois    .         Spirit   .   (no helmet)
rElec    .         Reflect  .   (no cloak)
rCorr    .         Harm     .   (no gloves)
MR       .....                  (no boots)
Stlth    +.........             (no amulet)
Regen    0.1/turn               (no ring)
MPRegen  0.1/turn               (no ring)

@: no status effects
A: claws 1, rot immunity
a: no special abilities


You escaped.
You were not hungry.

You visited 1 branch of the dungeon, and saw 1 of its levels.

You collected 56 gold pieces.

Inventory:

Missiles
 a - 12 arrows
Armour
 b - a +0 robe (worn)
Scrolls
 e - a scroll of noise {unknown}
 g - 2 scrolls of identify {unknown}
 j - a scroll of teleportation {unknown}
 k - a scroll of amnesia {unknown}
Potions
 f - a potion of curing {unknown}
Books
 c - a book of Changes

   Spells                             Type                      Level
   a - Beastly Appendage              Transmutation                1
   b - Sticks to Snakes               Transmutation                2
   c - Spider Form                    Transmutation/Poison         3
   d - Ice Form                       Ice/Transmutation            4
   e - Blade Hands                    Transmutation                5
Comestibles
 d - a bread ration
 h - a royal jelly
 i - 3 chunks of flesh


   Skills:
 + Level 2.0 Fighting
 + Level 2.0 Dodging
 * Level 3.2 Unarmed Combat
 - Level 2.0 Spellcasting
 - Level 1.7 Transmutations


You had 5 spell levels left.
You knew the following spells:

 Your Spells              Type           Power        Failure   Level  Hunger
a - Beastly Appendage     Tmut           #.....       11%         1    #......


Dungeon Overview and Level Annotations

Branches:
Dungeon (1/15)

Altars:


Innate Abilities, Weirdness & Mutations

You have sharp fingernails.
You are immune to rotting.


Message History

The kobold barely misses you.
You scratch the kobold.
The kobold is heavily wounded.
The kobold closely misses you.
You scratch the kobold but do no damage.
The kobold is heavily wounded.
The kobold hits you but does no damage.
You barely miss the kobold.
The kobold is heavily wounded.
The kobold hits you with a club.
You claw the kobold!
You kill the kobold!
No target in view!
No target in view!
No target in view!
There is an open door here.
There is an open door here.
There is a staircase leading out of the dungeon here.
Are you sure you want to leave the Dungeon?
This will make you lose the game!
You have escaped!

........'...............>.....#
........##.........#####.######
........##.........# #.#
........########.### #.#
........###### #.# #.##
.............# #'# ####[.#
############.###.####.###.##
####### #.##...##.#'##..#
......# #.#..@..'##.###.##
......# #.##...###...##..#
......######.###.###.....##.#
##...........# ####.......#.#
....#......#.###.###.....##.#
....#.##...#.##..(###...##..#
....#..#.#.#.#.....'##.##..##
.#.....#.###.##.(.##.#'#.)##
....#..#......##.####.##.##


There were no monsters in sight!

Vanquished Creatures
  A gnoll (D:1)
  2 leopard geckos (D:1)
  A giant cockroach (D:1)
  4 goblins (D:1)
  A kobold (D:1)
  4 bats (D:1)
  A frilled lizard (D:1)
  3 rats (D:1)
17 creatures vanquished.

Notes
Turn   | Place    | Note
-------+----------+-------------------------------------------
     0 | D:1      | Alarkh the Demonspawn Transmuter began the quest for the Orb.
     0 | D:1      | Reached XP level 1. HP: 15/15 MP: 3/3
   353 | D:1      | Gained mutation: You have sharp fingernails. [demonic ancestry]
   353 | D:1      | Reached XP level 2. HP: 19/21 MP: 5/5
   413 | D:1      | Reached skill level 3 in Unarmed Combat
   928 | D:1      | Gained mutation: You are immune to rotting. [demonic ancestry]
   928 | D:1      | Reached XP level 3. HP: 27/27 MP: 6/6
   993 | D:$      | Got out of the dungeon alive.

Vault maps used:
D:1:      dpeg_arrival_rhombi

Skill      XL: |  1  2 |
---------------+-------+-----
Unarmed Combat | 3 |  3.2
Dodging        | 2 |  2.0
Fighting       | 2 |  2.0
Spellcasting   | |  2.0
Transmutations | |  1.7

Action                   || total
-------------------------++-------
Melee: Unarmed           ||    56
  Use: Potion            ||     1
 Stab: Sleeping          ||     1
Armor: Robe              ||    16
       Skin              ||     3
Dodge: Dodged            ||    44
